 Dungeon Crawl Stone Soup version 0.17-a0-1763-g847a857 (webtiles) character file.

249 Medved the Gusty (level 5, -2/38 HPs)
             Began as a Demigod Air Elementalist on Sept 5, 2015.
             Slain by an orc priest
             ... wielding a +0 flail
              (14 damage)
             ... on level 4 of the Dungeon.
             The game lasted 00:14:20 (4124 turns).

Medved the Gusty (Demigod Air Elementalist)         Turns: 4124, Time: 00:14:21

Health: -2/38      AC:  2    Str: 11    XL:     5   Next: 56%
Magic:  3/12       EV: 13    Int: 21    God:
Gold:   124        SH:  0    Dex: 16    Spells: 3 memorised, 5 levels left

rFire  . . .     SeeInvis .     (no weapon)
rCold  . . .     Clarity  .     a - +0 robe
rNeg   . . .     SustAt   +     (no shield)
rPois  .         Gourm    .     (no helmet)
rElec  .         Spirit   .     (no cloak)
rCorr  .         Warding  .     (no gloves)
rMut   .         Stasis   .     (no boots)
MR     .....                    (no amulet)
Stlth  ++........               (no ring)
                                (no ring)

@: not resistant to hostile enchantments, unstealthy
A: high mp 1, sustain attributes
a: no special abilities


You were on level 4 of the Dungeon.
You were not hungry.

You visited 1 branch of the dungeon, and saw 4 of its levels.

You collected 124 gold pieces.

Inventory:

Armour
 a - a +0 robe (worn)
Jewellery
 e - an uncursed ring of stealth {unknown}
 k - a cursed ring of loudness {unknown}
Scrolls
 d - a scroll of identify {unknown}
 f - a scroll of fear {unknown}
 h - 3 scrolls of teleportation {unknown}
 i - a scroll of immolation {unknown}
 n - a scroll of remove curse {unknown}
Potions
 j - a potion of cancellation {unknown}
 l - a potion of degeneration {unknown}
Books
 b - a book of Air

   Spells                             Type                      Level
   a - Shock                          Conjuration/Air              1
   b - Swiftness                      Charms/Air                   2
   c - Repel Missiles                 Charms/Air                   2
   d - Static Discharge               Conjuration/Air              3
   e - Lightning Bolt                 Conjuration/Air              5
Comestibles
 c - 6 bread rations
 g - a royal jelly
 m - a beef jerky


   Skills:
 + Level 2.4 Dodging
 - Level 1.7 Stealth
 + Level 3.1 Spellcasting
 + Level 2.1 Conjurations
 * Level 4.4 Air Magic


You had 5 spell levels left.
You knew the following spells:

 Your Spells              Type           Power        Failure   Level  Hunger
a - Shock                 Conj/Air       ###.         3%          1    None
b - Swiftness             Chrm/Air       ##......     10%         2    ##.....
c - Repel Missiles        Chrm/Air       ##....       10%         2    ##.....


Dungeon Overview and Level Annotations

Branches:
Dungeon (4/15)
 Temple: D:4-7


Innate Abilities, Weirdness & Mutations

You have an increased reservoir of magic (+10% MP).
Your attributes are resistant to harm.


Message History

The zap hits the orc priest.
The orc priest appears unharmed.
The orc priest is heavily wounded.
The orc priest misses you.
Casting: Shock
Confirm with . or Enter, or press ? or * to list all spells.
Aiming: Shock
Press: ? - help, Shift-Dir - straight line, f/p - orc priest
Aim: an orc priest, wielding a flail and wearing a leather armour (heavily wounded)
The zap hits the orc priest.
The orc priest is almost dead.
The orc priest barely misses you.
Casting: Shock
Confirm with . or Enter, or press ? or * to list all spells.
Aiming: Shock
Press: ? - help, Shift-Dir - straight line, f/p - orc priest
Aim: an orc priest, wielding a flail and wearing a leather armour (almost dead)
The zap hits the orc priest.
The orc priest appears unharmed.
The orc priest is almost dead.
The orc priest hits you with a flail!
You die...

...#...##.#.#
######......##.#.#
#......###.....#.#
###......# #.....#.#
#..>.....###.###.#.#
#................#
#......#.######### #
#...#..#.# #.
#.@##..#.#
#..#o)##..#.#
#...........#
#.###)#####.# # #.#
#.# ).. ..# .#.#.
#.#.#.# # #.. .


You could see an orc priest.

Vanquished Creatures
  An orc wizard (D:4)
  An orc priest (D:4)
  2 adders
  7 gnolls
  2 oozes (D:3)
  5 worms (D:3)
  3 giant geckos (D:3)
  3 orcs
  14 bats
  5 giant cockroaches
  3 goblins
  8 hobgoblins
  8 jackals
  3 quokkas
  3 giant newts
  6 kobolds
  9 rats
83 creatures vanquished.

Notes
Turn   | Place    | Note
--------------------------------------------------------------
     0 | D:1      | Medved the Demigod Air Elementalist began the quest for the Orb.
     0 | D:1      | Reached XP level 1. HP: 14/14 MP: 5/5
   268 | D:1      | Reached skill level 3 in Air Magic
   268 | D:1      | Reached XP level 2. HP: 20/20 MP: 0/7
   748 | D:1      | Reached skill level 1 in Conjurations
  1146 | D:1      | Reached XP level 3. HP: 7/26 MP: 0/9
  2025 | D:2      | Learned a level 2 spell: Swiftness
  2028 | D:2      | Learned a level 2 spell: Repel Missiles
  2066 | D:2      | Reached XP level 4. HP: 33/33 MP: 8/10
  3404 | D:3      | Reached skill level 4 in Air Magic
  3456 | D:3      | Reached XP level 5. HP: 26/38 MP: 0/12
  3797 | D:3      | Found a sparkling altar of Nemelex Xobeh.
  4124 | D:4      | Slain by an orc priest

Vault maps used:
D:1:      lightli_arrival_farm, minmay_misc_feat_alley
D:2:      amalloy_card_club
D:3:      nemelex_xobeh_ov_fountains_minmay, kennysheep_generic_room_11
D:4:      kennysheep_the_goblin_king, minitemple

Action                   |  1- 3 |  4- 6 || total
-------------------------+-------+-------++-------
Melee: Unarmed           |    19 |    11 ||    30
 Cast: Shock             |    93 |   113 ||   206
  Eat: Chunk             |     4 |     6 ||    10
